 Dungeon Crawl Stone Soup version 0.25-a0-185-g6cfeca75b2 (console) character file.

Game seed: 2885130904842292702, levelgen mode: deterministic

94 Kagalorn the Sneak (level 4, 0/21 HPs)
             Began as a Spriggan Enchanter on Nov 28, 2019.
             Slain by a centaur (4 damage)
             ... on level 3 of the Dungeon.
             The game lasted 00:12:05 (2620 turns).

Kagalorn the Sneak (Spriggan Enchanter)             Turns: 2620, Time: 00:12:05

Health: 0/21       AC:  2    Str:  4    XL:     4   Next: 38%
Magic:  5/10       EV: 19    Int: 17    God:
Gold:   119        SH:  0    Dex: 16    Spells: 4/10 levels left

rFire    . . .     SeeInvis +   a - +0 dagger (venom)
rCold    . . .     Gourm    .   (shield restricted)
rNeg     . . .     Faith    .   b - +0 robe
rPois    .         Spirit   .   (helmet restricted)
rElec    .         Reflect  .   (no cloak)
rCorr    .         Harm     .   (gloves unavailable)
MR       .....                  (boots unavailable)
Stlth    +++.......             (no amulet)
HPRegen  0.07/turn              (no ring)
MPRegen  0.12/turn              (no ring)

@: very quick
A: very small, unfitting armour, see invisible, herbivore, speed 3, slow
metabolism 2
a: no special abilities


You were on level 3 of the Dungeon.
You were very hungry.

You visited 1 branch of the dungeon, and saw 3 of its levels.

You collected 119 gold pieces.

Inventory:

Hand Weapons
 a - a +0 dagger of venom (weapon)
Missiles
 g - 18 sling bullets
 h - 46 stones (quivered)
Armour
 b - a +0 robe (worn)
Jewellery
 f - an uncursed amulet of faith {unknown}
 k - an uncursed amulet of magic regeneration {unknown}
Scrolls
 c - 3 scrolls of teleportation {unknown}
 i - a scroll of immolation {unknown}
Potions
 e - a potion of invisibility {unknown}
 j - 4 potions of curing {unknown}
Comestibles
 d - 3 rations


   Skills:
 - Level 1.1 Short Blades
 + Level 3.7 Dodging
 - Level 5.0 Stealth
 * Level 3.5 Spellcasting
 * Level 4.9 Hexes
 * Level 0.9 Ice Magic


You had 4 spell levels left.
You knew the following spells:

 Your Spells              Type           Power        Failure   Level  Hunger
a - Ensorcelled Hibernat  Hex/Ice        ##....       8%          2    ##.....
b - Confuse               Hex            ###.....     6%          3    ###....
c - Corona                Hex            ###....      2%          1    None

Your spell library contained the following spells:

 Spells                   Type           Power        Failure   Level  Hunger
 Tukima's Dance           Hex            ###.....     6%          3    ###....
 Dazzling Spray           Conj/Hex       ##....       19%         3    ###....


Dungeon Overview and Level Annotations

Branches:
Dungeon (3/15)

Altars:
Sif Muna

Annotations:
D:3 Grinder


Innate Abilities, Weirdness & Mutations

You are very small and have problems with some larger weapons.
You are too small for most types of armour.
You have supernaturally acute eyesight. (SInv)
You are a herbivore.
You cover ground extremely quickly.
You need to consume almost no food.


Message History

You hit the centaur.
The centaur is poisoned.
The centaur is lightly wounded.
The bat completely misses you. The bat misses you. The bat barely misses you.
The bat hits you but does no damage. The bat barely misses you.
The centaur misses you.
You hit the centaur.
The centaur looks as sick as possible!
The centaur is lightly wounded.
The bat misses you. The bat hits you but does no damage.
The centaur misses you.
You hit the centaur.
The centaur looks as sick as possible!
The centaur is heavily wounded.
The bat barely misses you. The bat completely misses you.
The bat closely misses you.
You hit the centaur but do no damage.
The centaur looks as sick as possible!
The centaur is severely wounded.
The bat completely misses you.
The centaur hits the bat!
The bat is killed!
The centaur hits you.
You die...

## .# ###. #..
..##....
..##..#..... ...
....... #.#
..=.....
######.##........
#................
#....@c..?.......
#.....†..........
#####b#..###.......
#.......<..#.......
#......(##.†.......
#.......###........
#........##........
#..................
#.......##..##...(.


You could see a centaur (confused) and a bat.

Vanquished Creatures
  Robin (D:2)
  4 worms (D:2)
  3 dart slugs (D:1)
  2 leopard geckos (D:1)
  3 giant cockroaches (D:2)
  13 goblins
  11 hobgoblins
  3 jackals (D:2)
  5 kobolds
  A ball python (D:2)
  5 bats
  4 frilled lizards
  4 rats (D:1)
59 creatures vanquished.

Notes
Turn   | Place    | Note
-------+----------+-------------------------------------------
     0 | D:1      | Kagalorn the Spriggan Enchanter began the quest for the
                  | Orb.
     0 | D:1      | Reached XP level 1. HP: 9/9 MP: 5/5
   111 | D:1      | Reached XP level 2. HP: 12/13 MP: 6/6
   115 | D:1      | Learned a level 2 spell: Ensorcelled Hibernation
   140 | D:1      | Reached skill level 5 in Stealth
   649 | D:2      | Reached XP level 3. HP: 16/16 MP: 8/8
   837 | D:2      | Noticed Robin
  1369 | D:2      | Reached XP level 4. HP: 21/21 MP: 9/9
  1607 | D:2      | Found a shimmering blue altar of Sif Muna.
  1691 | D:2      | Killed Robin
  1714 | D:3      | Noticed Grinder
  1721 | D:2      | Learned a level 3 spell: Confuse
  1823 | D:3      | Noticed a centaur
  2362 | D:3      | Paralysed by Grinder for 7 turns
  2620 | D:3      | Slain by a centaur

Levels and vault maps discovered:
D:1:      dpeg_arrival_water_altar, layout_rooms, interstate_on_off
D:2:      layout_loops_ring, lemuel_crystal_altar, kennysheep_generic_room_4,
          uniq_robin
D:3:      layout_rooms, minmay_crystal_water, uniq_grinder

Skill      XL: |  1  2 |
---------------+-------+-----
Hexes          | 4 |  4.9
Stealth        | 5 |  5.0
Spellcasting   | 3 |  3.5
Short Blades   | |  1.1
Dodging        | |  3.7
Ice Magic      | |  0.9

Action                   |  1- 3 |  4- 6 || total
-------------------------+-------+-------++-------
Melee: Dagger            |   132 |    67 ||   199
 Cast: Ensorcelled Hiber |    15 |     4 ||    19
       Confuse           |       |     5 ||     5
 Stab: Sleeping          |    18 |     3 ||    21
       Distracted        |     2 |       ||     2
       Confused          |       |     2 ||     2
Armor: Robe              |    11 |    18 ||    29
Dodge: Dodged            |    86 |   114 ||   200

Table legend:
 A = Non-vault XP
 B = Vault XP
 C = Vault XP percentage of total XP
 D = Non-vault monster count
 E = Vault monster count
 F = Vault count percentage of total count
                 A         B        C        D         E       F
            +---------+---------+-------+---------+---------+-------
      Total |      94 |      41 |  30.4 |      45 |      14 |  23.7
            +---------+---------+-------+---------+---------+-------
        D:1 |      37 |       0 |   0.0 |      18 |       0 |   0.0
        D:2 |      52 |      41 |  44.1 |      23 |      14 |  37.8
        D:3 |       5 |       0 |   0.0 |       4 |       0 |   0.0
            +---------+---------+-------+---------+---------+-------
